 Dungeon Sprint DCSS version 0.27.1-34-g3ba077fa99 (webtiles) character file.

Game seed: 2638918769098621776

5 alasdair19 the Poker (level 4, -1/40 HPs)
             Began as a Minotaur Gladiator on Nov 25, 2021.
             Slain by a river rat (2 damage)
             ... in the Dungeon (Sprint VI: "Thunderdome") on Jan 15, 2022.
             The game lasted 00:04:49 (217 turns).

alasdair19 the Poker (Minotaur Gladiator)            Turns: 217, Time: 00:04:49

Health: -1/40      AC:  3    Str: 19    XL:     4   Next: 46%
Magic:  3/3        EV: 14    Int:  5    God:
Gold:   210        SH:  0    Dex: 12    Spells: 3/3 levels left

rFire    . . .     SeeInvis .   a - +0 trident
rCold    . . .     Faith    .   (no shield)
rNeg     . . .     Spirit   .   b - +0 leather armour
rPois    .         Reflect  .   c - +0 hat
rElec    .         Harm     .   (no cloak)
rCorr    .         Rampage  .   (no gloves)
Will     .....     NoTele   +   (no boots)
Stlth    +.........             (no amulet)
HPRegen  0.13/turn              (no ring)
MPRegen  0.08/turn              (no ring)

@: no status effects
A: horns 2, retaliatory headbutt
a: no special abilities


You were in the Dungeon.
You visited 1 branch You collected 210 gold pieces.

Inventory:

Hand Weapons
 a - a +0 trident (weapon)
Missiles
 d - 3 throwing nets (quivered)
Armour
 b - a +0 leather armour (worn)
 c - a +0 hat (worn)
Wands
 l - a wand of acid (5)
 m - a wand of iceblast (5)
Scrolls
 j - 4 scrolls of blinking
 n - 3 scrolls of fog
Potions
 e - a potion of curing
 f - 4 potions of heal wounds
 g - 4 potions of haste
 h - 2 potions of magic
 i - a potion of berserk rage
 k - a potion of resistance


   Skills:
 + Level 4.2 Fighting
 + Level 7.5 Polearms
 + Level 3.0 Throwing
 + Level 2.0 Armour
 + Level 6.8 Dodging
 + Level 0.6 Stealth


You had 3 spell levels left.
You didn't know any spells.
Your spell library was empty.

Dungeon Overview and Level Annotations

Branches:
Dungeon (1/1)

Altars:
Cheibriados
Dithmenos
Fedhas
Gozag
Kikubaaqudgha
Makhleb
Okawaru
Qazlal
Ru
Sif Muna
Trog
Uskayaw
Vehumet
Wu Jian
Xom
Yredelemnul
Zin
The Shining One
Beogh
Jiyva
Lugonu

Shops:
D *[??*?*:[((!!!!


Innate Abilities, Weirdness & Mutations

You have a pair of horns on your head.
You reflexively headbutt those who attack you in melee.


Message History

You start resting.
A rat comes into view.
Unknown command.
A rat is nearby!
A rat is nearby!
A rat is nearby!
A rat is nearby!
A rat is nearby!
A rat is nearby!
A rat is nearby!
A rat is nearby!
A rat is nearby!
A rat is nearby!
A rat is nearby!
A rat is nearby!
A rat is nearby!
A rat is nearby!
A rat is nearby!
A rat is nearby!
A rat is nearby!
A rat is nearby!
A rat is nearby!
The rat misses you.
You hit the rat but do no damage. Your headbutt misses the rat.
The rat misses you.
You closely miss the rat. You headbutt the rat.
You kill the rat!
You see here the troll corpse of Purgy.
You start resting.
A rat comes into view.
A river rat comes into view.
There are monsters nearby!
The river rat bites you!
* * * LOW HITPOINT WARNING * * *
You puncture the river rat!
The river rat is severely wounded.
The river rat closely misses you.
You hit the river rat.
The river rat is severely wounded.
The river rat bites you.
You die...

.........# #.<.# #..........
.........###...###..........
............###.............
#∩........8.# #.8........∩#
##∩_._......###..†...___∩#
######.8.........8.######
#⌠...........⌠#
###.........### #_....rr@_#
#_......._# #_......._#
#∩.......∩# ##∩.....∩##
##.....## ##§§⌠## #####


You could see a river rat and a rat.

Vanquished Creatures
  Purgy (D)
  4 endoplasms (D)
  A rat (D)
6 creatures vanquished.

Notes
Turn   | Place    | Note
-------+----------+-------------------------------------------
     0 | D        | alasdair19 the Minotaur Gladiator began the quest for the
                  | Orb.
     0 | D        | Reached XP level 1. HP: 18/18 MP: 0/0
     4 | D        | Found a shimmering blue altar of Sif Muna.
     4 | D        | Found a bloodstained altar of Trog.
     5 | D        | Round 1.
    11 | D        | Found a shadowy altar of Dithmenos.
    17 | D        | Found an opulent altar of Gozag.
    17 | D        | Found an ancient bone altar of Kikubaaqudgha.
    18 | D        | Found a sacrificial altar of Ru.
    18 | D        | Found an ornate altar of the Wu Jian Council.
    19 | D        | Found a glowing silver altar of Zin.
    20 | D        | Found a burning altar of Makhleb.
    20 | D        | Found a blossoming altar of Fedhas.
    20 | D        | Found Mumyec's Magic Scroll Shop.
    20 | D        | Found Ivaxt's Staff Store.
    21 | D        | Found Noleudeo's Magic Scroll Shop.
    21 | D        | Found Uwuqud's Must-Have Magic.
    38 | D        | Found a glowing golden altar of the Shining One.
    39 | D        | Found a corrupted altar of Lugonu.
    40 | D        | Found Ybuck's Distillery.
    42 | D        | Found a viscous altar of Jiyva.
    42 | D        | Found a hide-covered altar of Uskayaw.
    42 | D        | Found Hoduhae's Do-It-Yourself Clinic.
    45 | D        | Reached skill level 4 in Polearms
    46 | D        | Found Huda's Distillery.
    46 | D        | Found Eveyhaol's Bottled Wisdom.
    53 | D        | Found a basalt altar of Yredelemnul.
    54 | D        | Found an iron altar of Okawaru.
    55 | D        | Found Featz's Weapon Rack.
    79 | D        | Found a radiant altar of Vehumet.
    81 | D        | Found a stormy altar of Qazlal.
    81 | D        | Found Noul Hat's Identification Station.
    82 | D        | Found Cizxeh's Jewellery.
    82 | D        | Found Mosel's Advanced Armour.
   104 | D        | Found a shimmering altar of Xom.
   106 | D        | Found a snail-covered altar of Cheibriados.
   107 | D        | Found Fiwasm's Premium Goods.
   110 | D        | Found Guheddarche's Miscellaneous Merchandise.
   110 | D        | Found Apnall's Basic Armour.
   141 | D        | Arena points: 5 (+5) [x1]
   156 | D        | Round 2.
   169 | D        | Noticed Purgy
   180 | D        | Killed Purgy
   181 | D        | Reached skill level 7 in Polearms
   181 | D        | Reached XP level 2. HP: 2/27 MP: 1/1
   181 | D        | Upgraded the game from 0.27.1-33-g824d729ab1 to
                  | 0.27.1-34-g3ba077fa99
   181 | D        | Reached XP level 3. HP: 3/33 MP: 2/2
   181 | D        | Reached XP level 4. HP: 4/40 MP: 3/3
   215 | D        | HP: 1/40 [river rat (7)]
   217 | D        | Slain by a river rat

Illustrated notes

Levels and vault maps discovered:
D:        arena_sprint

Skill      XL: |  1 |
---------------+----+-----
Polearms       | 7 |  7.5
Dodging        | 6 |  6.8
Fighting       | 4 |  4.2
Throwing       | 3 |  3.0
Armour         | 2 |  2.0
Stealth        | |  0.6

Action                   |  1- 3 |  4- 6 || total
-------------------------+-------+-------++-------
Melee: Trident           |    11 |     4 ||    15
       Headbutt          |     1 |     1 ||     2
Armor: Leather armour    |     5 |       ||     5
Dodge: Dodged            |    20 |     3 ||    23
